 Dungeon Crawl Stone Soup version 0.27.1-33-g824d729ab1 (webtiles) character file.

Game seed: 15618837826714443257

27 dianekeaton the Cudgeller (level 2, -2/27 HPs)
             Began as a Minotaur Berserker on Dec 5, 2021.
             Was a Follower of Trog.
             Slain by a kobold (20 damage)
             ... on level 2 of the Dungeon.
             The game lasted 00:02:35 (1046 turns).

dianekeaton the Cudgeller (Minotaur Berserker)      Turns: 1046, Time: 00:02:36

Health: -2/27      AC:  7    Str: 21    XL:     2   Next: 93%
Magic:  1/1        EV: 12    Int:  4    God:    Trog [*.....]
Gold:   34         SH:  0    Dex:  9    Spells: 1/1 levels left

rFire    . . .     SeeInvis +   a - +0 mace
rCold    . . .     Faith    .   (no shield)
rNeg     . . .     Spirit   .   b - +0 animal skin
rPois    .         Reflect  .   (helmet restricted)
rElec    .         Harm     .   (no cloak)
rCorr    .         Rampage  .   (no gloves)
Will     .....                  e - +0 pair of boots
Stlth    +.........             (no amulet)
HPRegen  0.09/turn              j - +4 ring of protection
MPRegen  0.07/turn              g - ring of see invisible

@: no status effects
A: horns 2, retaliatory headbutt
a: Renounce Religion, Berserk


You were on level 2 of the Dungeon.
You worshipped Trog.
Trog was aware of your devotion.
You visited 1 branch of the dungeon, and saw 2 of its levels.

You collected 34 gold pieces.

Inventory:

Hand Weapons
 a - a +0 mace (weapon)
Armour
 b - a +0 animal skin (worn)
 e - a +0 pair of boots (worn)
Jewellery
 g - a ring of see invisible (right hand)
 j - a +4 ring of protection (left hand)
Wands
 k - a wand of flame (25)
Scrolls
 f - a scroll of identify
Potions
 c - a potion of curing {unknown}
 d - a potion of mutation


   Skills:
 * Level 4.3 Fighting
 * Level 4.3 Maces & Flails
 * Level 2.6 Armour
 + Level 2.2 Dodging


You had one spell level left.
You didn't know any spells.
Your spell library was empty.

Dungeon Overview and Level Annotations

Branches:
Dungeon (2/15)

Altars:


Innate Abilities, Weirdness & Mutations

You have a pair of horns on your head.
You reflexively headbutt those who attack you in melee.


Message History

You kill the jackal!
Trog accepts your kill.
The jackal bites you but does no damage.
You closely miss the jackal. You headbutt the jackal.
You kill the jackal!
Trog accepts your kill.
You see here a jackal corpse.
HP restored.
A frilled lizard comes into view.
The frilled lizard hisses angrily.
There is a stone staircase leading down here.
A frilled lizard is nearby!
You sock the frilled lizard!
You kill the frilled lizard!
Trog accepts your kill.
You see here a frilled lizard corpse.
A ball python comes into view.
A worm comes into view.
The ball python bites you but does no damage.
The ball python grabs you. The ball python constricts you.
You closely miss the ball python. You headbutt the ball python.
You kill the ball python!
Trog accepts your kill.
You see here a ball python corpse.
A kobold comes into view.
It is wielding a +2 whip of electrocution.
The kobold shouts!
The worm barely misses you.
You sock the worm! You headbutt the worm.
The worm is severely wounded.
The worm bites you!
You hit the worm. You headbutt the worm.
The worm is almost dead.
The worm barely misses you.
You barely miss the worm. You headbutt the worm.
You kill the worm!
Trog accepts your kill.
The kobold hits you with a +2 whip of electrocution.
You are electrocuted!!
Ouch! That really hurt!
You die...

#.. #... #.#..##..##
#.##.#.......
#...........#
#.#......#.†#####.#
###..................
#...........#.#.#####
#.......#......##
#.........#.#@..#
##...†....#.K.#
.######>.#######...#
.......#.# #...#
.#####.#.### #...#
####......# #...#
#....[#.#.# #...#
#.†......... .....
#...........


You could see a kobold.

Vanquished Creatures
  A worm (D:2)
  3 endoplasms (D:1)
  A hobgoblin (D:1)
  6 jackals
  2 kobolds (D:1)
  A quokka (D:1)
  2 ball pythons
  A bat (D:1)
  2 frilled lizards
  3 rats (D:1)
22 creatures vanquished.

Notes
Turn   | Place    | Note
-------+----------+-------------------------------------------
     0 | D:1      | dianekeaton the Minotaur Berserker began the quest for the
                  | Orb.
     0 | D:1      | Reached XP level 1. HP: 19/19 MP: 0/0
   238 | D:1      | Reached XP level 2. HP: 23/27 MP: 1/1
  1046 | D:2      | Slain by a kobold

Illustrated notes

Levels and vault maps discovered:
D:1:      onia_arrival_handbag, layout_rooms, dk_noncrumbling_2,
          minmay_split_cup_small
D:2:      layout_loops_cross, serial_shops, shop, grunt_ministairs_12,
          minmay_goblin_kobold_house

Skill      XL: |  1 |
---------------+----+-----
Fighting       | 4 |  4.3
Maces & Flails | 4 |  4.3
Armour         | |  2.6
Dodging        | |  2.2

Action                   || total
-------------------------++-------
Melee: Mace              ||    43
       Headbutt          ||     8
  Use: Potion            ||     3
       Scroll            ||     2
Armor: Animal skin       ||    18
Dodge: Dodged            ||    24
